 Dungeon Crawl Stone Soup version 0.32-a0-818-gb728d0252e (webtiles) character file.

Game seed: 6360177361580836722

35 smashvw the Trooper (level 3, 0/24 HPs)
             Began as a Gargoyle Monk on Mar 24, 2024.
             Slain by a goblin
             ... wielding a +0 club
             ... led by Robin
              (2 damage)
             ... on level 2 of the Dungeon.
             The game lasted 00:01:56 (822 turns).

smashvw the Trooper (Gargoyle Monk)                  Turns: 822, Time: 00:01:56

Health: 0/24       AC:  5    Str: 14    XL:     3   Next: 33%
Magic:  3/3        EV: 11    Int: 10    God:
Gold:   48         SH:  0    Dex: 14    Spells: 2/2 levels left

rFire   . . .        a - +0 spear
rCold   . . .        d - orb {light}
rNeg    + . .        b - +0 robe
rPois   ∞            (no helmet)
rElec   +            (no cloak)
rCorr   .            (no gloves)
SInv    .            (no boots)
Will    .....        (no amulet)
Stlth   +            (no ring)
HPRegen 0.24/turn    (no ring)
MPRegen 0.08/turn

%: no passive effects
@: glowing
A: sickness immunity, AC +3, negative energy resistance 1, electricity
resistance, torment resistance 1, petrification resistance
a: no special abilities


You were on level 2 of the Dungeon.
You visited 1 branch of the dungeon, and saw 2 of its levels.

You collected 48 gold pieces.

Inventory:

Hand Weapons
 a - a +0 spear (weapon)
Armour
 b - a +0 robe (worn)
 d - an orb of light (worn)
Scrolls
 e - a scroll of enchant weapon {unknown}
 g - 2 scrolls of butterflies {unknown}
 h - a scroll of enchant armour {unknown}
 i - a scroll of immolation {unknown}
 j - 3 scrolls of amnesia {unknown}
 k - a scroll of teleportation {unknown}
Potions
 c - a potion of ambrosia
 f - 2 potions of cancellation {unknown}


   Skills:
 + Level 4.1 Fighting
 + Level 3.3 Polearms
 - Level 2.4 Dodging


You had 2 spell levels left.
You didn't know any spells.
Your spell library contained the following spells:

 Spells                   Type           Power      Damage    Failure   Level
 Blink                    Tloc           0%         N/A       50%         2
 Lesser Beckoning         Tloc           0%         N/A       50%         2
 Momentum Strike          Conj/Tloc      0%         3d8       50%         2


Dungeon Overview and Level Annotations

Branches:
Dungeon (2/15)

Altars:
Zin

Annotations:
D:2 Robin


Innate Abilities, Weirdness & Mutations

You are immune to sickness and miasma.
Your stone body is resilient. (AC +3)
You are immune to poison.
You resist negative energy. (rN+)
You are resistant to electric shocks. (rElec)
You are resistant to unholy torment.
You are immune to petrification.


Message History

A goblin comes into view. It is wielding a +0 club.
Robin roars a battlecry!
You hear a shout!
You reach to attack!
You hit the hobgoblin but do no damage.
A goblin comes into view. It is wielding a +0 club.
A goblin comes into view. It is wielding a +0 dagger.
The goblin shouts!
You hit the hobgoblin.
The hobgoblin is moderately wounded.
Robin throws the goblin at you! The hobgoblin hits you.
You hit the hobgoblin.
You kill the hobgoblin!
The goblin closely misses you.
A hobgoblin comes into view.
A goblin comes into view. It is wielding a +0 club.
Robin throws the goblin at you! The goblin barely misses you.
The goblin shouts!
You hit the goblin.
You kill the goblin!
You barely miss the goblin. The goblin hits you with a +0 club.
The goblin misses you. Robin throws the goblin at you!
You barely miss the goblin. The goblin barely misses you.
The goblin hits you with a +0 dagger. The goblin hits you but does no damage.
Robin roars a battlecry!
You hear a shout!
You are too injured to fight recklessly!
You are too injured to fight recklessly!
You are too injured to fight recklessly!
You are too injured to fight recklessly!
You are too injured to fight recklessly!
You are too injured to fight recklessly!
You are too injured to fight recklessly!
You hit the goblin.
You kill the goblin!
The goblin hits you with a +0 dagger.
The goblin unwields a +0 club.
The goblin wields a +0 sling.
The goblin shoots a sling bullet.
The sling bullet hits you.
* * * LOW HITPOINT WARNING * * *
The goblin hits you with a +0 club.
You die...

.........
+.................
..#.####.
######.##.....##.#
###.#
#.##........# # #
##.##.gg..### #
#........... ..
#...g.....### .
#.g.........
#.)......###
#..####@gg.....#
#...†gg.......#
#..############ #
. #


You could see Robin, a hobgoblin (strong) and 6 goblins.

Vanquished Creatures
  A dart slug (D:2)
  2 endoplasms (D:1)
  A giant cockroach (D:2)
  6 goblins
  4 hobgoblins
  A ball python (D:1)
  4 bats
  2 frilled lizards (D:2)
  5 kobolds (D:1)
  6 rats
32 creatures vanquished.

Notes
Turn   | Place    | Note
-------+----------+-------------------------------------------
     0 | D:1      | smashvw the Gargoyle Monk began the quest for the Orb.
     0 | D:1      | Reached XP level 1. HP: 14/14 MP: 1/1
   130 | D:1      | Reached XP level 2. HP: 19/19 MP: 2/2
   684 | D:2      | Reached skill level 4 in Fighting
   684 | D:2      | Reached XP level 3. HP: 21/24 MP: 3/3
   707 | D:2      | Found a glowing silver altar of Zin.
   812 | D:2      | Noticed Robin
   822 | D:2      | Slain by a goblin

Illustrated notes

Levels and vault maps discovered:
D:1:      dpeg_arrival_oval, layout_basic, minivault_26
D:2:      layout_basic, basic_altar, uniq_sigmund, uniq_robin

Skill      XL: |  1  2 |
---------------+-------+-----
Polearms       | 3 |  3.3
Fighting       | 4 |  4.1
Dodging        | |  2.4

Action                     || total
---------------------------++-------
  Melee: Spear             ||   107
 Armour: Robe              ||    45
  Dodge: Dodged            ||    47

Table legend: (Time is in decaauts)
 A = Elapsed time spent in this place.
 B = Non-inter-level travel time spent in this place.
 C = Inter-level travel time spent in this place.
 D = Time resting spent in this place.
 E = Time spent auto-exploring this place.
 F = Levels seen in this place.
 G = Mean time per level.
                   A        B        C        D        E       F      G
               +--------+--------+--------+--------+--------+-----+--------+
         Total |    815 |    813 |      2 |      0 |    636 |   2 |  407.5 |
       Dungeon |    815 |    813 |      2 |      0 |    636 |   2 |  407.5 |
               +--------+--------+--------+--------+--------+-----+--------+

Top non-repeatable levels by time:
     D:1: 665 daAuts
     D:2: 150 daAuts
